[Event "December 19 Late 2023"]
[Site "https://www.chess.com"]
[Date "2023.12.19"]
[Round "3"]
[White "Zimmermann, Ulrich"]
[Black "Gao, Raymond"]
[Result "1-0"]
[Board "113"]
[TimeControl "180+1"]
[WhiteFideId "24654523"]
[BlackFideId "2629429"]
[WhiteElo "2223"]
[BlackElo "1953"]
[WhiteTeam "GER"]
[BlackTeam "CAN"]
[WhiteClock "0:00:23"]
[BlackClock "0:00:08"]

1. Nf3 Nf6 2. g3 g6 3. Bg2 Bg7 4. O-O O-O 5. d3 d6 6. a3 a5 7. Nbd2 e5 8. Rb1 a4 9. c4 Nc6 10. Ne1 d5 11. Nc2 Be6 12. Ne3 d4 13. Nc2 Qd7 14. b4 axb3 15. Nxb3 b6 16. Re1 Bh3 17. Bh1 h5 18. Nb4 Nxb4 19. Bxa8 Rxa8 20. axb4 Qc6 21. f3 h4 22. gxh4 Nh5 23. Kh1 Ra2 24. Ra1 Rxa1 25. Nxa1 Bf6 26. Bg5 Nf4 27. Rg1 Bxg5 28. hxg5 b5 29. cxb5 Qxb5 30. Nc2 Qa4 31. Qd2 Qa2 32. Ra1 Qe6 33. Nxd4 exd4 34. Qxf4 Qxe2 35. Ra8+ Kh7 36. Qh4+ 1-0

[Event "December 19 Late 2023"]
[Site "https://www.chess.com"]
[Date "2023.12.19"]
[Round "3"]
[White "Paragua, Megan Althea"]
[Black "D`Arruda, Ricardo D."]
[Result "0-1"]
[Board "114"]
[TimeControl "180+1"]
[WhiteFideId "30973007"]
[BlackFideId "100692"]
[WhiteElo "1961"]
[BlackElo "2532"]
[WhiteTeam "USA"]
[BlackTeam "ARG"]
[WhiteClock "0:00:00"]
[BlackClock "0:00:34"]

1. e4 c5 2. Nf3 Nc6 3. Bb5 g6 4. O-O Bg7 5. c3 Nf6 6. Re1 O-O 7. d4 cxd4 8. cxd4 d5 9. e5 Ne4 10. Nc3 Nxc3 11. bxc3 Bd7 12. Ba3 Re8 13. Qb3 e6 14. Bxc6 Bxc6 15. Bb4 Qd7 16. a4 h6 17. Reb1 Kh7 18. a5 Bb5 19. Nd2 Bd3 20. Re1 Rac8 21. Bc5 a6 22. Re3 Bb5 23. f4 Bf8 24. Bxf8 Rxf8 25. g4 Qe7 26. Rh3 Rc7 27. g5 h5 28. Re3 Rfc8 29. h4 Bc4 30. Qb2 Rc6 31. Rb1 Bb5 32. Ra1 Qc7 33. Ra3 b6 34. axb6 Rxb6 35. Qa2 Rc6 36. Qb2 Qb6 37. Qb4 Kg7 38. Kf2 Qc7 39. Qb2 Ra8 40. Qb4 Rb6 41. Qa5 Qb8 42. Rb3 Ra7 43. Rb4 Rab7 44. Nb3 Bc4 45. Nc5 Rxb4 46. cxb4 Rxb4 47. Kg3 Rb1 48. Nd7 Qb2 49. Kf3 Rf1+ 0-1

[Event "December 19 Late 2023"]
[Site "https://www.chess.com"]
[Date "2023.12.19"]
[Round "3"]
[White "Osmak, Yuliia"]
[Black "petr577"]
[Result "1-0"]
[Board "115"]
[TimeControl "180+1"]
[WhiteFideId "14101602"]
[WhiteElo "2303"]
[BlackElo "2299"]
[WhiteTeam "UKR"]
[WhiteClock "0:00:14"]
[BlackClock "0:00:10"]

1. e4 e5 2. Nf3 Nc6 3. Nc3 Nf6 4. Bb5 Bb4 5. O-O O-O 6. Bxc6 dxc6 7. d3 Re8 8. Ne2 Bf8 9. Ng3 g6 10. Nd2 Bg7 11. Nc4 b6 12. f4 exf4 13. Bxf4 Ba6 14. Nd2 Qd4+ 15. Kh1 Qxb2 16. Bxc7 Rac8 17. Bf4 c5 18. Rb1 Qd4 19. Nf3 Qd8 20. Be5 Bb7 21. Qc1 c4 22. Qb2 cxd3 23. cxd3 Re6 24. Rbd1 Qf8 25. Ng5 Rec6 26. Bxf6 Bxf6 27. Rxf6 Rc2 28. Qe5 Qh6 29. Nxf7 Qe3 30. Qe6 R8c6 31. Nd6+ Kg7 32. Qf7+ Kh6 33. Ngf5+ Kg5 34. Nxe3 Rc1 35. Rf5+ gxf5 36. Qxf5+ Kh6 37. Qf6+ Kh5 38. g4# 1-0

[Event "December 19 Late 2023"]
[Site "https://www.chess.com"]
[Date "2023.12.19"]
[Round "3"]
[White "Senft, Sean"]
[Black "Haraguchi, Diego Sashaki"]
[Result "1-0"]
[Board "117"]
[TimeControl "180+1"]
[WhiteFideId "2044960"]
[BlackFideId "22729925"]
[WhiteElo "2005"]
[BlackElo "2185"]
[WhiteTeam "USA"]
[BlackTeam "BRA"]
[WhiteClock "0:00:52"]
[BlackClock "0:00:00"]

1. d4 Nf6 2. c4 e6 3. Nc3 Bb4 4. Nf3 O-O 5. Bg5 d5 6. e3 c6 7. cxd5 exd5 8. Bd3 Be6 9. O-O h6 10. Bh4 Nbd7 11. Ne5 Be7 12. f4 Nxe5 13. dxe5 Bg4 14. exf6 Bxd1 15. fxe7 Qb6 16. exf8=Q+ Rxf8 17. Nxd1 Re8 18. Bf2 Qb4 19. Be1 Qb6 20. Bc3 c5 21. Rc1 Qd6 22. Bd2 a6 23. Nf2 b5 24. Rfd1 Qe6 25. a3 c4 26. Bb1 h5 27. Re1 Qd6 28. Bc3 h4 29. Bd4 a5 30. Rcd1 b4 31. axb4 axb4 32. g3 Qc6 33. e4 Kf8 34. Re2 Re6 35. exd5 Qxd5 36. Red2 Qc6 37. Bf5 hxg3 38. hxg3 Rh6 39. Be4 Qe6 40. Bc5+ Kg8 41. Rd8+ 1-0

[Event "December 19 Late 2023"]
[Site "https://www.chess.com"]
[Date "2023.12.19"]
[Round "3"]
[White "Polster, Christian"]
[Black "Yagupov, Igor"]
[Result "1-0"]
[Board "118"]
[TimeControl "180+1"]
[WhiteFideId "12965081"]
[BlackFideId "4113632"]
[WhiteElo "2141"]
[BlackElo "2179"]
[WhiteTeam "GER"]
[BlackTeam "RUS"]
[WhiteClock "0:00:55"]
[BlackClock "0:00:22"]

1. d4 d5 2. c4 c6 3. cxd5 cxd5 4. Nc3 Nf6 5. f3 Nc6 6. e4 dxe4 7. d5 Ne5 8. fxe4 g6 9. Nf3 Nxf3+ 10. Qxf3 Bg7 11. e5 Nd7 12. e6 Ne5 13. Bb5+ Kf8 14. Qe2 a6 15. Ba4 fxe6 16. O-O+ Kg8 17. Bf4 Nf7 18. dxe6 Qb6+ 19. Be3 Qxe6 20. Bb3 Qe5 21. Bxf7+ Kf8 22. Bxg6+ Bf6 23. Bh6+ Kg8 24. Qxe5 1-0

[Event "December 19 Late 2023"]
[Site "https://www.chess.com"]
[Date "2023.12.19"]
[Round "3"]
[White "Kaganskiy, Gleb"]
[Black "Rees, Ioan"]
[Result "1/2-1/2"]
[Board "119"]
[TimeControl "180+1"]
[WhiteFideId "4132025"]
[BlackFideId "1801236"]
[WhiteElo "2128"]
[BlackElo "2270"]
[WhiteTeam "ISR"]
[BlackTeam "WLS"]
[WhiteClock "0:00:12"]
[BlackClock "0:00:41"]

1. Nf3 d5 2. c4 c6 3. e3 Nf6 4. Nc3 Nbd7 5. cxd5 cxd5 6. d4 e6 7. Bd3 Bd6 8. O-O O-O 9. a3 Re8 10. b4 b6 11. Bb2 Bb7 12. Rc1 Rc8 13. Qa4 Bb8 14. Ne2 Ne4 15. Rxc8 Qxc8 16. Rc1 Qd8 17. Bxe4 dxe4 18. Ne5 Nxe5 19. dxe5 h6 20. Nd4 Bxe5 21. Qxa7 Bd5 22. Nc6 Bxc6 23. Bxe5 Qd2 24. Ra1 f6 25. Bd4 b5 26. Qb6 Qc2 27. Bc5 Rc8 28. h4 Qc4 29. Rd1 Bd5 30. Qd6 Ra8 31. g4 Qc2 32. Rxd5 exd5 33. Qxd5+ Kh7 34. Qxa8 Qd1+ 35. Kh2 Qf3 36. Qd5 Qxf2+ 37. Kh3 Qf3+ 38. Kh2 Qf2+ 39. Kh3 Qf3+ 40. Kh2 Qf2+ 1/2-1/2

[Event "December 19 Late 2023"]
[Site "https://www.chess.com"]
[Date "2023.12.19"]
[Round "3"]
[White "Vafin, Ayrat"]
[Black "Sabar Ethmane Daouda"]
[Result "1-0"]
[Board "120"]
[TimeControl "180+1"]
[WhiteFideId "4146530"]
[BlackFideId "19600097"]
[WhiteElo "2317"]
[BlackElo "1950"]
[WhiteTeam "RUS"]
[BlackTeam "MTN"]
[WhiteClock "0:02:32"]
[BlackClock "0:00:00"]

1. Nf3 d5 2. g3 c6 3. Bg2 Nf6 4. O-O e6 5. c4 Be7 6. b3 O-O 7. Bb2 Nbd7 8. Qc2 h6 9. d3 b6 10. Nbd2 Bb7 11. e4 dxe4 12. dxe4 c5 13. e5 Nh7 14. Ne4 Qc7 15. Rad1 Rfd8 16. Nd6 Bc6 17. Nxf7 Kxf7 18. Qxh7 Nf8 19. Qc2 Ng6 20. h4 1-0

[Event "December 19 Late 2023"]
[Site "https://www.chess.com"]
[Date "2023.12.19"]
[Round "3"]
[White "Schut, Han"]
[Black "Rangel, Daniel"]
[Result "1-0"]
[Board "121"]
[TimeControl "180+1"]
[WhiteFideId "1005561"]
[BlackFideId "2124475"]
[WhiteElo "2024"]
[BlackElo "2267"]
[WhiteTeam "NED"]
[BlackTeam "BRA"]
[WhiteClock "0:00:08"]
[BlackClock "0:00:00"]

1. e4 e5 2. Nf3 Nc6 3. Bc4 Nf6 4. d4 exd4 5. e5 d5 6. Bb5 Ne4 7. Nxd4 Bd7 8. Bxc6 bxc6 9. O-O Bc5 10. f3 Ng5 11. Be3 Ne6 12. c3 Bb6 13. f4 Nxd4 14. cxd4 f5 15. Qh5+ g6 16. Qh6 Kf7 17. Nd2 Qf8 18. Qh4 Qe7 19. Qh6 a5 20. Nf3 Kg8 21. Ng5 Qg7 22. Qh3 Re8 23. Rac1 h6 24. Nf3 g5 25. Qg3 g4 26. Nh4 Kh7 27. Qf2 Rhf8 28. g3 Qe7 29. a3 Rb8 30. Rc2 Ba7 31. Bd2 Rb5 32. Qe1 Bxd4+ 33. Kh1 Rxb2 34. Rxb2 Bxb2 35. Bxa5 Bxa3 36. Bxc7 Be6 37. Qa1 d4 38. Bb6 Bd5+ 39. Kg1 Bc5 40. Bxc5 Qxc5 41. Qc1 d3+ 42. Qxc5 Rd8 43. Rd1 Rd7 44. Nxf5 Be4 45. Nd6 Bf3 46. Rd2 Be2 47. e6 Re7 48. Qf5+ Kg7 49. Qe5+ Kg8 50. f5 Ra7 51. f6 Ra1+ 52. Kf2 Rf1+ 53. Ke3 Rf3+ 54. Kd4 Rf1 55. e7 Kh7 56. e8=Q 1-0

[Event "December 19 Late 2023"]
[Site "https://www.chess.com"]
[Date "2023.12.19"]
[Round "3"]
[White "Sokolov, Andrei"]
[Black "Bru Rullo, Llatzer"]
[Result "1/2-1/2"]
[Board "122"]
[TimeControl "180+1"]
[WhiteFideId "11600306"]
[BlackFideId "22219668"]
[WhiteElo "2473"]
[BlackElo "2190"]
[WhiteTeam "LAT"]
[BlackTeam "ESP"]
[WhiteClock "0:00:07"]
[BlackClock "0:00:11"]

1. d4 Nf6 2. c4 e6 3. Nf3 b6 4. g3 Bb7 5. Bg2 Bb4+ 6. Bd2 a5 7. O-O O-O 8. a3 Bxd2 9. Nbxd2 Ne4 10. Qc2 Nxd2 11. Nxd2 Bxg2 12. Kxg2 c5 13. d5 d6 14. dxe6 fxe6 15. Qe4 Ra7 16. Qxe6+ Kh8 17. e4 Nc6 18. Nf3 Re7 19. Qd5 Ne5 20. Nxe5 Rxe5 21. Qd3 Qe7 22. f3 Re6 23. Rad1 Qf6 24. Rd2 g6 25. Qb3 Rb8 26. Rfd1 Kg7 27. Qb5 Rf8 28. Rd3 g5 29. Qxb6 g4 30. f4 Rxe4 31. Qb7+ Re7 32. Qd5 Qxb2+ 33. R1d2 Re2+ 34. Kg1 Qc1+ 35. Rd1 Re1+ 36. Rxe1 Qxe1+ 37. Kg2 Re8 38. Qg5+ Kh8 39. Qf6+ Kg8 40. Qg5+ Kh8 41. Qf6+ Kg8 42. Qg5+ Kh8 1/2-1/2

[Event "December 19 Late 2023"]
[Site "https://www.chess.com"]
[Date "2023.12.19"]
[Round "3"]
[White "Srdanovic, Jovana"]
[Black "Melamed, Daniel"]
[Result "1-0"]
[Board "123"]
[TimeControl "180+1"]
[WhiteFideId "954810"]
[BlackFideId "3229076"]
[WhiteElo "2123"]
[BlackElo "1908"]
[WhiteTeam "SRB"]
[BlackTeam "AUS"]
[WhiteClock "0:00:24"]
[BlackClock "0:00:11"]

1. d4 Nf6 2. c4 e6 3. Nf3 d5 4. Nc3 Bb4 5. Qa4+ Nc6 6. cxd5 exd5 7. Bg5 Bd7 8. Qb3 O-O 9. e3 Be6 10. Bd3 h6 11. Bh4 g5 12. Bg3 Ne4 13. a3 Bxc3+ 14. bxc3 b6 15. Qc2 f5 16. Ne5 Nxe5 17. Bxe5 c5 18. f3 Nd6 19. g4 c4 20. Bxf5 Nxf5 21. gxf5 Bxf5 22. Qg2 Qd7 23. h4 g4 24. h5 Kh7 25. fxg4 Bxg4 26. Rg1 Rg8 27. Kd2 Bxh5 28. Qh2 Qf5 29. e4 dxe4 30. Raf1 e3+ 31. Kc1 Qd3 32. Kb2 Qd2+ 33. Qxd2 exd2 34. Kc2 d1=Q+ 35. Rxd1 Bxd1+ 36. Rxd1 Rg2+ 37. Kc1 Rf8 38. d5 Rff2 39. d6 Rc2+ 40. Kb1 Rb2+ 41. Kc1 Ra2 42. Kb1 Rgb2+ 43. Kc1 Re2 44. Kb1 Rad2 45. Rxd2 Rxd2 46. Bd4 Rg2 47. d7 Rg8 48. Bf6 Kg6 49. d8=Q Rxd8 50. Bxd8 Kf5 51. Kc2 Ke4 52. Kd2 b5 53. Ke2 a6 54. Bf6 h5 55. Bd8 Kf4 56. Kf2 Ke4 57. Ke2 Kf4 58. Bc7+ Ke4 59. Bh2 h4 60. Bc7 h3 61. Bh2 a5 62. Kd2 Kf3 63. Bd6 Kg2 64. Ke3 h2 65. Bxh2 Kxh2 66. Kd4 Kg3 67. Kc5 b4 68. axb4 axb4 69. Kxb4 Kf4 70. Kxc4 Ke5 71. Kc5 Ke6 72. Kc6 Ke7 73. Kc7 Ke6 74. c4 Ke5 75. c5 Kd4 76. c6 Kc5 77. Kd7 Kb5 78. c7 1-0

[Event "December 19 Late 2023"]
[Site "https://www.chess.com"]
[Date "2023.12.19"]
[Round "3"]
[White "Benedetti, Julio"]
[Black "Vanek, Tomas"]
[Result "1-0"]
[Board "124"]
[TimeControl "180+1"]
[WhiteFideId "172545"]
[BlackFideId "313459"]
[WhiteElo "2299"]
[BlackElo "2052"]
[WhiteTeam "ARG"]
[BlackTeam "CZE"]
[WhiteClock "0:01:44"]
[BlackClock "0:00:55"]

1. e4 c5 2. Nc3 a6 3. a4 g6 4. f4 Bg7 5. Nf3 e6 6. f5 gxf5 7. d3 Ne7 8. Bg5 f6 9. Bh4 Nbc6 10. Be2 d6 11. O-O Kd7 12. d4 cxd4 13. Nxd4 Nxd4 14. Qxd4 Nc6 15. Qd2 Qb6+ 16. Bf2 Qxb2 17. Rfb1 Qxb1+ 18. Rxb1 Ke7 19. exf5 Ne5 20. fxe6 Bxe6 21. Rxb7+ Nd7 22. Bg3 Rhd8 23. Qxd6+ Kf7 24. Bh5+ Kg8 25. Qxe6+ 1-0

[Event "December 19 Late 2023"]
[Site "https://www.chess.com"]
[Date "2023.12.19"]
[Round "3"]
[White "Molenda, Marcin"]
[Black "Rose, Felix"]
[Result "1-0"]
[Board "125"]
[TimeControl "180+1"]
[WhiteFideId "1173065"]
[BlackFideId "5105722"]
[WhiteElo "2286"]
[BlackElo "2039"]
[WhiteTeam "POL"]
[BlackTeam "MEX"]
[WhiteClock "0:00:02"]
[BlackClock "0:00:39"]

1. Nf3 d5 2. c4 e6 3. g3 Nf6 4. Bg2 dxc4 5. Qa4+ Nbd7 6. Qxc4 a6 7. Qb3 c5 8. Nc3 Be7 9. O-O O-O 10. Rd1 Rb8 11. d4 b6 12. Bf4 Rb7 13. Ne5 Nxe5 14. Bxb7 Bxb7 15. dxe5 Nd7 16. Rd2 Qc7 17. Rad1 Qc6 18. f3 c4 19. Qc2 Nc5 20. Be3 g5 21. b4 cxb3 22. axb3 g4 23. Ne4 gxf3 24. exf3 Qb5 25. Nxc5 bxc5 26. Rd7 Re8 27. Kf2 Qc6 28. Qe4 Qxe4 29. fxe4 Bxe4 30. Rc1 Bd5 31. Bxc5 Bxc5+ 32. Rxc5 Bxb3 33. Rcc7 Rf8 34. Ke3 a5 35. Ra7 a4 36. Kf4 Kg7 37. g4 h6 38. h4 Kg6 39. h5+ Kg7 40. g5 hxg5+ 41. Kxg5 Bc2 42. h6+ Kg8 43. Kf6 Bg6 44. Rxa4 Kh7 45. Rad4 Ra8 46. Rxf7+ Bxf7 47. Kxf7 Ra6 48. Rd6 Ra7+ 49. Kxe6 Kxh6 50. Rd2 Ra6+ 51. Kf7 Ra7+ 52. Kf6 Kh7 53. e6 Ra1 54. Rf2 Kg8 55. e7 Re1 56. Rg2+ Kh8 57. Kf7 Rf1+ 58. Ke8 Re1 59. Rd2 Kg7 60. Kd7 Kf7 61. Rf2+ Kg7 62. e8=Q Rd1+ 63. Kc7 Rc1+ 64. Kb6 Rb1+ 65. Ka5 Ra1+ 66. Kb4 Ra7 67. Qe5+ Kh7 68. Rh2+ Kg6 69. Rg2+ Kf7 70. Rg7+ Kf8 71. Qf6+ Ke8 72. Qe6+ Kd8 73. Rg8+ Kc7 74. Rc8+ Kb7 75. Qc6# 1-0

[Event "December 19 Late 2023"]
[Site "https://www.chess.com"]
[Date "2023.12.19"]
[Round "3"]
[White "Michalski, Olaf"]
[Black "Shapiro, Viktor"]
[Result "0-1"]
[Board "126"]
[TimeControl "180+1"]
[WhiteFideId "1106740"]
[BlackFideId "4175700"]
[WhiteElo "2105"]
[BlackElo "2044"]
[WhiteTeam "POL"]
[BlackTeam "RUS"]
[WhiteClock "0:00:00"]
[BlackClock "0:00:16"]

1. d4 Nf6 2. c4 c5 3. d5 e6 4. Nc3 exd5 5. cxd5 d6 6. Nf3 g6 7. Nd2 Bg7 8. Nc4 O-O 9. Bf4 Ne8 10. Qd2 a6 11. a4 Nd7 12. Nxd6 Nxd6 13. Bxd6 Re8 14. e3 Qa5 15. Be2 b5 16. O-O b4 17. Na2 Bb7 18. Nc1 Qb6 19. Bf4 Nf6 20. a5 Qd8 21. Nb3 Ne4 22. Qc2 Qxd5 23. Rfd1 Qf5 24. Bf3 g5 25. Bc7 g4 26. Bxe4 Bxe4 27. Qxc5 Qg6 28. Nd4 Rac8 29. Qb6 Qh5 30. Rac1 Rxc7 31. Qxc7 Be5 32. Qd7 Qxh2+ 33. Kf1 Qxg2+ 34. Ke1 Rf8 35. Rc5 g3 36. Qg4+ Kh8 37. Qe2 gxf2+ 38. Qxf2 Bg3 0-1

[Event "December 19 Late 2023"]
[Site "https://www.chess.com"]
[Date "2023.12.19"]
[Round "3"]
[White "Serban, Cristian-Stefan"]
[Black "Clarke, Adani"]
[Result "1-0"]
[Board "127"]
[TimeControl "180+1"]
[WhiteFideId "1241443"]
[BlackFideId "7402082"]
[WhiteElo "2040"]
[BlackElo "1691"]
[WhiteTeam "ROU"]
[BlackTeam "JAM"]
[WhiteClock "0:02:32"]
[BlackClock "0:02:24"]

1. Nf3 Nf6 2. b3 e6 3. Bb2 c5 4. c4 d5 5. e3 Be7 6. g3 O-O 7. Bg2 Nc6 8. cxd5 exd5 9. d4 cxd4 10. Nxd4 Bb4+ 11. Bc3 Bxc3+ 12. Nxc3 Bg4 13. Qd2 Nxd4 14. Qxd4 Rc8 15. O-O Qa5 16. Nxd5 Nxd5 17. Qxd5 Be2 18. Qxa5 1-0

[Event "December 19 Late 2023"]
[Site "https://www.chess.com"]
[Date "2023.12.19"]
[Round "3"]
[White "Veloso, Henrique Barbosa"]
[Black "Tan, Ralph"]
[Result "1/2-1/2"]
[Board "128"]
[TimeControl "180+1"]
[WhiteFideId "22784853"]
[BlackFideId "30966590"]
[WhiteElo "1881"]
[BlackElo "2099"]
[WhiteTeam "BRA"]
[BlackTeam "USA"]
[WhiteClock "0:00:09"]
[BlackClock "0:00:15"]

1. d4 Nf6 2. c4 e6 3. Nc3 d5 4. Bg5 Be7 5. e3 Nbd7 6. Nf3 O-O 7. Rc1 h6 8. Bf4 a6 9. c5 c6 10. b4 Nh5 11. Bg3 Nxg3 12. hxg3 Bf6 13. a4 e5 14. Be2 Re8 15. O-O Nf8 16. dxe5 Bxe5 17. Nxe5 Rxe5 18. b5 axb5 19. axb5 Bf5 20. Qd4 Re8 21. Rfd1 Ne6 22. Qb4 Qa5 23. Qb2 Nxc5 24. bxc6 bxc6 25. Ra1 Qc7 26. Qb4 Ne4 27. Rac1 Nxc3 28. Rxc3 Reb8 29. Qc5 Ra5 30. Qxc6 Qxc6 31. Rxc6 Be6 32. Bf3 g5 33. g4 Kf8 34. Rc2 Ke7 35. Rcd2 Rbb5 36. Kh2 Rc5 37. Kg3 Kf6 38. Rd4 Ke5 39. e4 dxe4 40. Rxe4+ Kf6 41. Red4 Rc2 42. R1d2 Rc1 43. Rd1 Rc7 44. Rh1 Kg7 45. Rhd1 Rc3 46. R1d3 Rcc5 47. Rd1 Re5 48. R1d2 Ra3 49. R2d3 Ra2 50. Rd2 Ra1 51. Rd1 Ra7 52. Re4 Rc5 53. Red4 Ra3 54. R1d3 Ra7 55. Rd2 Kf6 56. R2d3 Rac7 57. Rd2 Rc3 58. R2d3 Ke5 59. Rd8 Rxd3 60. Rxd3 f5 61. gxf5 Kxf5 62. Bg4+ Kf6 63. Rf3+ Ke7 64. Re3 Rc6 65. Bxe6 Rxe6 66. Rxe6+ Kxe6 67. Kg4 Kf6 68. Kh5 Kg7 69. f3 Kh7 70. g3 Kg7 71. f4 gxf4 72. gxf4 Kf6 73. Kxh6 Kf5 74. Kh5 Kxf4 1/2-1/2

[Event "December 19 Late 2023"]
[Site "https://www.chess.com"]
[Date "2023.12.19"]
[Round "3"]
[White "Saim, Mohamed Ilias"]
[Black "Makaraci, Tunahan"]
[Result "0-1"]
[Board "129"]
[TimeControl "180+1"]
[WhiteFideId "7900465"]
[BlackFideId "6356559"]
[WhiteElo "2063"]
[BlackElo "2112"]
[WhiteTeam "ALG"]
[BlackTeam "TUR"]
[WhiteClock "0:00:05"]
[BlackClock "0:00:04"]

1. d4 d5 2. c4 e6 3. Nf3 c5 4. Nc3 cxd4 5. Nxd4 e5 6. Nf3 d4 7. Nd5 Ne7 8. e4 Nxd5 9. cxd5 Bb4+ 10. Bd2 Bxd2+ 11. Qxd2 f6 12. Be2 O-O 13. O-O Nd7 14. Rac1 b6 15. Nh4 Nc5 16. Bd3 a5 17. f4 Nxd3 18. Qxd3 Ba6 19. Qg3 Bxf1 20. Nf5 Qd7 21. Rxf1 Rac8 22. fxe5 fxe5 23. Qxe5 d3 24. Qd4 d2 25. Qxd2 g6 26. Qg5 Kh8 27. Ne7 Rxf1+ 28. Kxf1 Qb5+ 29. Kg1 Qc5+ 30. Kf1 Qc4+ 31. Kf2 Qd4+ 32. Kg3 Rf8 33. Kg4 Qd1+ 34. Kg3 Qe1+ 35. Kg4 Qe2+ 36. Kg3 Qf2+ 37. Kh3 Qf7 38. Nc6 Qd7+ 39. g4 Qf7 40. Qe5+ Qg7 41. Ne7 Qxe5 42. Kg2 Qxe4+ 43. Kg3 Qe3+ 44. Kh4 Qxe7+ 45. Kh3 Qe4 46. Kh4 Rf3 47. Kg5 Rf4 48. d6 Rxg4+ 49. Kf6 Rf4+ 50. Kg5 Qf5+ 51. Kh6 Qh5# 0-1

[Event "December 19 Late 2023"]
[Site "https://www.chess.com"]
[Date "2023.12.19"]
[Round "3"]
[White "Egorov, Konstantin"]
[Black "Perea Fruet, Lorenzo"]
[Result "0-1"]
[Board "130"]
[TimeControl "180+1"]
[WhiteFideId "24154369"]
[BlackFideId "24595870"]
[WhiteElo "1878"]
[BlackElo "2268"]
[WhiteTeam "RUS"]
[BlackTeam "ESP"]
[WhiteClock "0:00:00"]
[BlackClock "0:00:26"]

1. d4 b6 2. c4 Bb7 3. Nc3 c5 4. d5 g6 5. e4 Bg7 6. Nf3 d6 7. Bd3 Bc8 8. h3 Nf6 9. O-O O-O 10. Bf4 a6 11. a4 e5 12. dxe6 fxe6 13. Bc2 e5 14. Bg5 Be6 15. a5 Bxc4 16. Bd3 Be6 17. axb6 Qxb6 18. Qd2 Nc6 19. Qe2 Nh5 20. Rxa6 Rxa6 21. Bxa6 Rxf3 22. Qxf3 Qxa6 23. g4 Nd4 24. Qe3 Nf4 25. Bxf4 exf4 26. Qxf4 Qd3 27. Qe3 Qc2 28. Ra1 h6 29. Nd5 Qxb2 30. Ra8+ Kh7 31. Ra7 Bxd5 32. exd5 Qe2 33. Qg3 Qd1+ 34. Kg2 Nb5 0-1

[Event "December 19 Late 2023"]
[Site "https://www.chess.com"]
[Date "2023.12.19"]
[Round "3"]
[White "Chylewski, Patryk"]
[Black "Phillips, Rene"]
[Result "1/2-1/2"]
[Board "131"]
[TimeControl "180+1"]
[WhiteFideId "1186191"]
[BlackFideId "2056275"]
[WhiteElo "2176"]
[BlackElo "2044"]
[WhiteTeam "POL"]
[BlackTeam "USA"]
[WhiteClock "0:00:12"]
[BlackClock "0:00:08"]

1. c4 Nc6 2. Nf3 e5 3. Nc3 f5 4. e3 Nf6 5. d4 Bb4 6. Nxe5 Bxc3+ 7. bxc3 Nxe5 8. dxe5 Ng4 9. f4 Qe7 10. Be2 h5 11. Qd4 d6 12. exd6 cxd6 13. Bf3 Be6 14. Ke2 Rc8 15. Bd5 Nf6 16. Ba3 Ne4 17. Bxe4 fxe4 18. Qxd6 Bxc4+ 19. Kf2 Qh4+ 20. g3 Qf6 21. Qxf6 gxf6 22. Rhd1 Bd3 23. Rd2 Rxc3 24. Bb2 Rc6 25. Bd4 Kd7 26. Bxa7 Ra8 27. Bd4 Ra3 28. Rb2 f5 29. Rxb7+ Rc7 30. Rxc7+ Kxc7 31. Ke1 Bc4 32. Be5+ Kc6 33. Kd2 Kd5 34. Bd4 Rxa2+ 35. Rxa2 Bxa2 36. Kc3 Bc4 37. Kb4 Be2 38. Ka5 Kc6 39. Kb4 Kd5 40. Ka4 Kc6 41. Ka5 Bd3 42. Kb4 Be2 43. Kc3 Bd3 44. Kd2 Kd5 45. Ke1 Kc4 46. Kf2 Kd5 47. Kg2 Be2 48. Kh3 Bf3 49. Kh4 Ke6 50. Kg5 Bg4 51. Kg6 Bh3 52. Kg5 Bg4 53. Kh4 Bf3 54. h3 Be2 55. Kg5 Bf3 56. Kg6 Be2 57. Kh6 Bf3 58. Kg5 Be2 59. Kh4 Bf3 60. Kg5 Be2 61. Kh4 Bf3 62. Kg5 1/2-1/2

[Event "December 19 Late 2023"]
[Site "https://www.chess.com"]
[Date "2023.12.19"]
[Round "3"]
[White "Adla, Diego"]
[Black "Hernandez Santos, David Ale"]
[Result "1-0"]
[Board "132"]
[TimeControl "180+1"]
[WhiteFideId "100072"]
[BlackFideId "5132002"]
[WhiteElo "2377"]
[BlackElo "1553"]
[WhiteTeam "ARG"]
[BlackTeam "MEX"]
[WhiteClock "0:02:10"]
[BlackClock "0:00:13"]

1. Nf3 e6 2. c4 Nf6 3. g3 d5 4. Bg2 Be7 5. O-O O-O 6. d4 c5 7. cxd5 exd5 8. dxc5 Bxc5 9. Qc2 Be7 10. Nc3 Be6 11. Rd1 Nc6 12. Be3 Rc8 13. a3 a6 14. b4 Nxb4 15. axb4 Bxb4 16. Bd4 Qc7 17. Rac1 Qa5 18. Nd2 b5 19. Nb3 Qc7 20. Qb2 Bxc3 21. Rxc3 Qd7 22. Bxf6 gxf6 23. Rxc8 Rxc8 24. Qxf6 d4 25. Nxd4 b4 26. e3 b3 27. Be4 b2 28. Kg2 Rc1 29. Nxe6 Qxd1 30. Qg7# 1-0

[Event "December 19 Late 2023"]
[Site "https://www.chess.com"]
[Date "2023.12.19"]
[Round "3"]
[White "Khodabandeh, Milad"]
[Black "Guerra Tulcan, Lenin"]
[Result "1-0"]
[Board "133"]
[TimeControl "180+1"]
[WhiteFideId "12538620"]
[BlackFideId "3601382"]
[WhiteElo "1846"]
[BlackElo "2368"]
[WhiteTeam "IRI"]
[BlackTeam "ECU"]
[WhiteClock "0:01:01"]
[BlackClock "0:00:14"]

1. e4 c5 2. Nf3 e6 3. d4 cxd4 4. Nxd4 Nc6 5. Nc3 Qc7 6. a3 a6 7. Be3 Nf6 8. f4 b5 9. Be2 Bb7 10. Bf3 Rc8 11. e5 Nxd4 12. Qxd4 Bxf3 13. exf6 gxf6 14. gxf3 Rg8 15. Ne4 Be7 16. c3 Qc6 17. Kf2 Rg6 18. Rag1 a5 19. h4 b4 20. axb4 axb4 21. h5 Rxg1 22. Rxg1 bxc3 23. Rg8+ Bf8 24. Qb4 d6 25. Qxd6 Qxd6 26. Nxd6+ Kd7 27. Nxc8 cxb2 28. Rg1 Kxc8 29. Bd4 Ba3 30. Rb1 Kd7 31. Bxf6 1-0

[Event "December 19 Late 2023"]
[Site "https://www.chess.com"]
[Date "2023.12.19"]
[Round "3"]
[White "Bregu, Riza"]
[Black "Lymar, Vladislav"]
[Result "0-1"]
[Board "134"]
[TimeControl "180+1"]
[WhiteFideId "4701739"]
[BlackFideId "14162180"]
[WhiteElo "2138"]
[BlackElo "2158"]
[WhiteTeam "ALB"]
[BlackTeam "UKR"]
[WhiteClock "0:00:11"]
[BlackClock "0:00:13"]

1. e4 d6 2. d4 Nf6 3. Nc3 e5 4. dxe5 dxe5 5. Qxd8+ Kxd8 6. Nf3 Bd6 7. Bc4 Ke7 8. Bg5 Be6 9. Bxe6 fxe6 10. O-O-O Nd7 11. a3 a6 12. Rd2 h6 13. Be3 Nh5 14. Rhd1 Rhf8 15. Ne2 g5 16. c4 b6 17. b4 Rad8 18. c5 bxc5 19. bxc5 Nxc5 20. Nxe5 Nxe4 21. Ng6+ Kf7 22. Nxf8 Nxd2 23. Nxe6 Kxe6 24. Nd4+ Kf7 25. Rxd2 Bxa3+ 26. Kc2 Nf6 27. h4 Rd5 28. hxg5 hxg5 29. Kb3 Bc5 30. Kc4 Bxd4 31. Bxd4 c6 32. Ra2 a5 33. Be3 Ne4 34. Rb2 Nd6+ 35. Kc3 Rb5 36. Rd2 Ke6 37. Rd1 g4 38. Re1 Kf5 39. g3 Ne4+ 40. Kc4 Rb4+ 41. Kd3 a4 42. Rb1 Rxb1 0-1

[Event "December 19 Late 2023"]
[Site "https://www.chess.com"]
[Date "2023.12.19"]
[Round "3"]
[White "Mohammad, Fahim"]
[Black "Sadovsky, Artem"]
[Result "0-1"]
[Board "135"]
[TimeControl "180+1"]
[WhiteFideId "10206248"]
[BlackFideId "4155840"]
[WhiteElo "2177"]
[BlackElo "2314"]
[WhiteTeam "FRA"]
[BlackTeam "FID"]
[WhiteClock "0:00:02"]
[BlackClock "0:00:16"]

1. d4 g6 2. Nf3 Bg7 3. c4 d6 4. Nc3 e5 5. e4 exd4 6. Nxd4 Nf6 7. Be3 O-O 8. Be2 Re8 9. f3 c6 10. Bf2 d5 11. exd5 cxd5 12. c5 Nc6 13. O-O Be6 14. Re1 Nd7 15. Bb5 Rc8 16. Nxe6 fxe6 17. Rc1 a6 18. Ba4 Nde5 19. Rc2 Nc4 20. Rce2 Nxb2 21. Qc2 Bxc3 22. Qxc3 Nxa4 23. Qb3 Qa5 24. Rxe6 Rxe6 25. Qxd5 Qxe1+ 26. Bxe1 Nxc5 27. Bf2 Nb4 28. Qc4 Nbd3 29. Bxc5 Nxc5 30. h4 b5 31. Qd5 Kf7 32. h5 Rc6 33. h6 Rc7 34. Qd8 Ree7 35. Qd5+ Ne6 36. Qe5 Ke8 37. Qf6 Kd7 38. Kh2 Rc6 39. Qe5 Nc7 40. Qh8 Rd6 41. Qc3 g5 42. Qc1 Rxh6+ 43. Kg3 Rg6 44. Qd1+ Rd6 45. Qc2 Nd5 46. Qf5+ Kc6 47. Qc2+ Kb6 48. Qd3 h5 49. Qd4+ Kc6 50. Qh8 h4+ 51. Kh2 Rc7 52. Qa8+ Kb6 53. Qb8+ Kc5 54. Qg8 Nf4 55. Qxg5+ Nd5 56. Qxh4 Rcc6 57. Qe4 Rh6+ 58. Kg1 Rce6 59. Qf5 Re1+ 60. Kf2 Rhe6 61. Qf8+ Kc4 62. Qc8+ Kd4 63. g4 R1e2+ 64. Kg3 R6e3 65. Qh8+ Kd3 66. Qh7+ Kd2 67. Qd7 Rd3 68. Qg7 Ne3 69. Qb2+ Kd1 70. Qb1+ Kd2 71. Qb2+ Nc2 72. Qf6 Ree3 73. g5 Nd4 74. Qf7 Rxf3+ 75. Qxf3 Rxf3+ 76. Kg4 Rf1 0-1